 Dungeon Crawl Stone Soup version 0.31-a0-240-gb923e448b6 (webtiles) character file.

Game seed: 4455283330190584721

79 qw the Shooter (level 4, -1/26 HPs)
             Began as a Gargoyle Hexslinger on July 12, 2023.
             Slain by an orc
             ... wielding a +0 flail
              (5 damage)
             ... on level 3 of the Dungeon.
             The game lasted 00:00:38 (1648 turns).

qw the Shooter (Gargoyle Hexslinger)                Turns: 1648, Time: 00:00:38

Health: -1/26      AC: 12    Str: 12    XL:     4   Next: 38%
Magic:  5/5        EV: 10    Int: 13    God:
Gold:   73         SH:  0    Dex: 14    Spells: 4/5 levels left

rFire   . . .        Y - +1 sling
rCold   . . .        (no shield)
rNeg    + . .        j - +0 ring mail
rPois   inf          (no helmet)
rElec   +            c - +0 cloak
rCorr   .            l - +1 pair of gloves
SInv    .            h - +0 pair of boots
Will    .....        e - amulet of regeneration
Stlth   +            (no ring)
HPRegen 1.04/turn    (no ring)
MPRegen 0.09/turn

%: no passive effects
@: no status effects
A: sickness immunity, AC +3, negative energy resistance 1, electricity
resistance, torment resistance 1, petrification resistance
a: no special abilities


You were on level 3 of the Dungeon.
You visited 1 branch of the dungeon, and saw 4 of its levels.

You collected 73 gold pieces.


Innate Abilities, Weirdness & Mutations

You are immune to sickness and miasma.
Your stone body is resilient. (AC +3)
You are immune to poison.
You resist negative energy. (rN+)
You are resistant to electric shocks. (rElec)
You are resistant to unholy torment.
You are immune to petrification.


   Skills:
 - Level 2.1 Fighting
 + Level 3.9 Ranged Weapons
 - Level 1.0 Armour
 - Level 1.5 Dodging
 - Level 1.0 Spellcasting
 - Level 2.6 Hexes


You had 4 spell levels left.
You knew the following spells:

 Your Spells              Type           Power      Damage    Failure   Level
a - Slow                  Hex            28%        N/A       22%         1

Your spell library contained the following spells:

 Spells                   Type           Power      Damage    Failure   Level
 Inner Flame              Hex/Fire       4%         N/A       73%         3
 Portal Projectile        Hex/Tloc       8%         N/A       73%         3
 Cause Fear               Hex            3%         N/A       91%         4

Inventory:

Hand Weapons
 Y - a +1 sling (weapon)
Armour
 c - a +0 cloak (worn)
 h - a +0 pair of boots (worn)
 j - a +0 ring mail (worn)
 l - a +1 pair of gloves (worn)
Jewellery
 e - an amulet of regeneration (around neck)
Wands
 a - a wand of digging (3)
Scrolls
 b - a scroll of identify
Potions
 f - a potion of heal wounds {unknown}
 g - a potion of attraction {unknown}
 i - a potion of might {unknown}
 k - a potion of curing {unknown}

Dungeon Overview and Level Annotations

Branches:
Dungeon (4/15)
 Temple: D:4-7

Altars:
Sif Muna

Annotations:
D:3 2 transporters, qw's ghost, amateur MiHs
D:4 Sigmund


Message History

Enter note:
Enter note:
Enter note:
Enter note:
Enter note: You shoot a sling bullet.
The sling bullet hits the iguana but does no damage.
The iguana is heavily wounded.
The orc barely misses you. The orc hits you but does no damage.
The iguana bites you! The orc barely misses you.
The dart slug barely misses you. The orc hits you but does no damage.
The iguana bites you. The orc hits you but does no damage.
The orc closely misses you.
You shoot a sling bullet. The sling bullet hits the iguana.
The iguana is severely wounded.
The dart slug bites you but does no damage.
The orc hits you but does no damage. The orc hits you with a +0 flail.
The iguana closely misses you. The orc misses you.
You shoot a sling bullet.
The sling bullet barely misses the iguana.
The orc closely misses you. The orc barely misses you.
The iguana barely misses you. The orc hits you but does no damage.
The dart slug launches a dart at you.
The slug dart hits you but does no damage.
You shoot a sling bullet. The sling bullet hits the iguana.
The iguana is almost dead.
The orc barely misses you. The orc hits you but does no damage.
The iguana bites you. The orc barely misses you.
The dart slug bites you but does no damage.
You shoot a sling bullet.
The sling bullet completely misses the iguana.
The orc hits you but does no damage. x2; The iguana closely misses you.
The orc closely misses you. The iguana bites you. The orc barely misses you.
The dart slug closely misses you. The orc completely misses you.
The orc hits you but does no damage.
You shoot a sling bullet.
The sling bullet barely misses the iguana.
The orc hits you with a +0 hand axe. The orc hits you but does no damage.
The iguana closely misses you. The orc hits you with a +0 flail.
You die...

###...### #.###<#......##......
#...# #.# #...#######...... #...#
#.# ##..## #.##... ##.## #.##
#...######.#...#
#.#######..####..#......#....
#.(..........##........##...#
##............#.##.....##..##
#..........olo..##.........#
#...........@o.##..........##
#...........w................
#....................#...####
#...................#..###
##...........!..........#####
##...........####...#..#W...
#########........###....##..#O.##
.................###...###..#.#.O
...............#............#.#..


You could see an iguana, a dart slug and 3 orcs.

Vanquished Creatures
  Jessica (D:3)
  An adder (D:3)
  A worm (D:2)
  3 ball pythons
  5 endoplasms
  A giant cockroach (D:1)
  A goblin (D:1)
  2 hobgoblins
  5 jackals
  5 kobolds
  4 quokkas
  3 bats
  6 rats
38 creatures vanquished.

Notes
Turn   | Place    | Note
-------+----------+-------------------------------------------
     0 | D:1      | qw the Gargoyle Hexslinger began the quest for the Orb.
     0 | D:1      | Reached XP level 1. HP: 12/12 MP: 2/2
     0 | D:1      | 0 ||| qw: Version: 0.3-a-52-g30416fa
     0 | D:1      | 0 ||| qw: Game counter: 6178
     0 | D:1      | 0 ||| qw: Melee chars always use a shield: true
     0 | D:1      | 0 ||| qw: God list: Okawaru
     0 | D:1      | 0 ||| qw: Allow faded altars: false
     0 | D:1      | 0 ||| qw: Do Orc after clearing Dungeon:15 true
     0 | D:1      | 0 ||| qw: Do second Lair branch before Depths: true
     0 | D:1      | 0 ||| qw: Lair rune preference: random
     0 | D:1      | 0 ||| qw: Goals: Normal
     0 | D:1      | 0 ||| PLANNING D:1-11
    27 | D:1      | HP: 3/12 [quokka (2)]
   102 | D:1      | Reached XP level 2. HP: 16/16 MP: 3/3
   286 | D:1      | Reached skill level 3 in Ranged Weapons
   516 | D:1      | 516 ||| UPGRADING to +0 leather armour.
   526 | D:1      | 526 ||| DROPPING +0 robe.
   527 | D:1      | 527 ||| UPGRADING to +0 ring mail.
   537 | D:1      | 537 ||| DROPPING +0 leather armour.
   538 | D:1      | 538 ||| READING scroll labelled HYUGGA IDAFEU.
   542 | D:1      | 542 ||| READING scroll labelled JOOSSA GYCE.
   543 | D:1      | 543 ||| DROPPING scroll of poison.
   825 | D:2      | Reached XP level 3. HP: 21/21 MP: 4/4
  1150 | D:2      | 1150 ||| UPGRADING to +0 cloak.
  1155 | D:2      | 1155 ||| UPGRADING to +0 pair of boots.
  1160 | D:2      | 1160 ||| UPGRADING to amulet of regeneration.
  1165 | D:2      | 1165 ||| READING 2 scrolls of identify.
  1165 | D:2      | 1165 ||| IDENTIFYING ruby potion
  1166 | D:2      | 1166 ||| DROPPING potion of degeneration.
  1195 | D:3      | 1195 ||| STAIRDANCE
  1234 | D:3      | Found a transporter.
  1235 | D:3      | Found a transporter.
  1235 | D:3      | Noticed an ogre
  1235 | D:3      | Noticed qw's ghost (amateur MiHs)
  1236 | D:3      | Noticed an ogre
  1302 | D:3      | Reached skill level 1 in Armour
  1314 | D:3      | Noticed Jessica
  1322 | D:3      | Killed Jessica
  1323 | D:3      | Reached XP level 4. HP: 26/26 MP: 5/5
  1327 | D:3      | Found a shimmering blue altar of Sif Muna.
  1623 | D:3      | 1623 ||| UPGRADING to +1 pair of gloves.
  1628 | D:3      | 1628 ||| READING 2 scrolls of identify.
  1628 | D:3      | 1628 ||| IDENTIFYING golden potion
  1629 | D:3      | 1629 ||| DROPPING potion of berserk rage.
  1638 | D:4      | Noticed Sigmund
  1641 | D:4      | 1641 ||| STAIRDANCE
  1644 | D:3      | HP: 6/26 [orc/+0 flail (5)]
  1648 | D:3      | Slain by an orc

Levels and vault maps discovered:
D:1:      lemuel_arrival_broad_hall, layout_rooms, minmay_strange_pillars,
          serial_bayou_pond_e
D:2:      layout_basic, minmay_misc_feat_five, minmay_misc_feat_square
D:3:      layout_rooms, tgw_sif, gammafunk_ghost_smash
D:4:      layout_rooms, nicolae_overflow_hidden_temple,
          grunt_temple_overflow_lords_of_destruction, serial_shops,
          nicolae_shop_window_shopping, uniq_sigmund

Skill      XL: |  1  2  3 |
---------------+----------+-----
Ranged Weapons | 3 |  3.9
Fighting       | 2 |  2.1
Armour         | 1 |  1.0
Dodging        | |  1.5
Spellcasting   | |  1.0
Hexes          | |  2.6

Action                     |  1- 3 |  4- 6 || total
---------------------------+-------+-------++-------
   Fire: Sling             |    86 |    39 ||   125
    Use: Scroll            |     3 |     1 ||     4
 Armour: Robe              |     7 |       ||     7
         Ring mail         |     8 |    39 ||    47
  Dodge: Dodged            |    23 |    46 ||    69

Table legend:
 A = Non-vault XP
 B = Vault XP
 C = Vault XP percentage of total XP
 D = Non-vault monster count
 E = Vault monster count
 F = Vault count percentage of total count
                 A         B        C        D         E       F
            +---------+---------+-------+---------+---------+-------
      Total |      77 |      37 |  32.5 |      37 |       1 |   2.6
            +---------+---------+-------+---------+---------+-------
        D:1 |      22 |       0 |   0.0 |      12 |       0 |   0.0
        D:2 |      17 |       0 |   0.0 |       9 |       0 |   0.0
        D:3 |      38 |      37 |  49.3 |      16 |       1 |   5.9
            +---------+---------+-------+---------+---------+-------
